 Dungeon Crawl Stone Soup version 0.31-a0-161-gb58dd9be76 (webtiles) character file.

Game seed: 11038630166338376920

14 Serulin the Sneak (level 2, 0/19 HPs)
             Began as a Gargoyle Delver on June 13, 2023.
             Slain by a hound (3 damage)
             ... on level 3 of the Dungeon.
             The game lasted 00:02:53 (327 turns).

Serulin the Sneak (Gargoyle Delver)                  Turns: 327, Time: 00:02:53

Health: 0/19       AC:  9    Str: 15    XL:     2   Next: 41%
Magic:  2/2        EV:  9    Int: 10    God:
Gold:   31         SH:  0    Dex: 11    Spells: 1/1 levels left

rFire   . . .        b - +0 flail
rCold   . . .        (no shield)
rNeg    + . .        h - +0 scale mail
rPois   ∞            (no helmet)
rElec   +            (no cloak)
rCorr   .            (no gloves)
SInv    .            (no boots)
Will    .....        (no amulet)
Stlth   +            (no ring)
HPRegen 0.23/turn    (no ring)
MPRegen 0.08/turn

%: no passive effects
@: hasted, very quick
A: sickness immunity, AC +2, negative energy resistance 1, electricity
resistance, torment resistance 1, petrification resistance
a: no special abilities


You were on level 3 of the Dungeon.
You visited 1 branch of the dungeon, and saw 3 of its levels.

You collected 31 gold pieces.

Inventory:

Hand Weapons
 b - a +0 flail (weapon)
Armour
 h - a +0 scale mail (worn)
Wands
 g - a wand of digging (3)
 i - a wand of roots (9)
Scrolls
 c - a scroll of fog
 d - 2 scrolls of revelation
 e - a scroll of fear
Potions
 a - a potion of mutation {unknown}
 j - a potion of curing {unknown}


   Skills:
 + Level 3.4 Fighting
 + Level 2.2 Maces & Flails
 * Level 1.2 Armour
 + Level 1.7 Dodging
 - Level 5.4 Stealth


You had one spell level left.
You didn't know any spells.
Your spell library contained the following spells:

 Spells                   Type           Power      Damage    Failure   Level
 Call Canine Familiar     Summ           0%         N/A       99%         3
 Portal Projectile        Hex/Tloc       0%         N/A       99%         3
 Leda's Liquefaction      Hex/Erth       0%         N/A       100%        4


Dungeon Overview and Level Annotations

Branches:
Dungeon (5/15)
 Temple: D:4-7

Altars:
Gozag


Innate Abilities, Weirdness & Mutations

You are immune to sickness and miasma.
Your stone body is resilient. (AC +2)
You are immune to poison.
You resist negative energy. (rN+)
You are resistant to electric shocks. (rElec)
You are resistant to unholy torment.
You are immune to petrification.


Message History

The orc wizard is moderately wounded.
The hound barely misses you. The hound bites you but does no damage.
The orc wizard hits you but does no damage.
You barely miss the orc wizard.
The orc wizard is moderately wounded.
The hound bites you.
The orc wizard gestures at you while chanting.
You are confused.
The hound bites you but does no damage. The hound attacks as you move away!
The hound closely misses you. The hound bites you.
You closely miss the hound. The hound bites you but does no damage.
The hound barely misses you. The orc wizard barely misses you.
You bump into the rock wall.
The hound closely misses you.
The orc wizard gestures at you while chanting.
The magic dart hits you but does no damage.
You thump the hound!
The hound is heavily wounded.
The hound bites you but does no damage. The hound barely misses you.
The orc wizard hits you but does no damage.
You miss the hound.
The hound is heavily wounded.
You feel less confused. The hound bites you.
The orc wizard hits you with a +0 dagger.
The hound bites you.
You feel yourself speed up. The hound bites you.
* * * LOW HITPOINT WARNING * * *
The orc wizard hits you with a +0 dagger.
* * * LOW HITPOINT WARNING * * *
You closely miss the orc wizard.
The orc wizard is moderately wounded.
The hound misses you.
The orc wizard hits you but does no damage.
The hound closely misses you.
Unknown command.
You hit the orc wizard.
The orc wizard is severely wounded.
The hound bites you.
You die...

#.## . ... .# #.
####.####.##. #.
#............
####.####.........#.#
#.......#.........#.##
#....#@†..........
#....ho.......##.# #
#...>.........##>##.#
#...................#
#.###...###########.####
........## #.#
######...# ######.#
###.# #......#
#.#####.######


You could see a hound and an orc wizard.

Vanquished Creatures
  An adder (D:3)
  2 orcs
3 creatures vanquished.

Notes
Turn   | Place    | Note
-------+----------+-------------------------------------------
     0 | D:5      | Serulin the Gargoyle Delver began the quest for the Orb.
     0 | D:5      | Reached XP level 1. HP: 14/14 MP: 1/1
    16 | D:5      | Found an opulent altar of Gozag.
   212 | D:5      | Noticed an orc wizard
   252 | D:4      | Noticed an orc wizard
   253 | D:4      | Noticed a hound
   266 | D:3      | Reached skill level 1 in Armour
   266 | D:3      | Reached XP level 2. HP: 19/19 MP: 2/2
   327 | D:3      | Slain by a hound

Illustrated notes

Levels and vault maps discovered:
D:3:      kennysheep_goblin_castle, layout_loops_cross,
          mainiacjoe_overflow_paths
D:4:      layout_basic, okawaru_ov_weapons_minmay
D:5:      layout_loops_corners, nicolae_overflow_crystal_walls,
          grunt_gozag_statues, fedhas_altar_fruit_tree, temple_statues,
          serial_shops, shop, chequers_serial_rivers_room_b

Skill      XL: |  1 |
---------------+----+-----
Armour         | 1 |  1.2
Fighting       | |  3.4
Maces & Flails | |  2.2
Dodging        | |  1.7
Stealth        | |  5.4

Action                     || total
---------------------------++-------
  Melee: Mace              ||     7
         Flail             ||    13
    Use: Potion            ||     1
   Stab: Sleeping          ||     1
 Armour: Scale mail        ||    16
  Dodge: Dodged            ||    18

Table legend: (Time is in decaauts)
 A = Elapsed time spent in this place.
 B = Non-inter-level travel time spent in this place.
 C = Inter-level travel time spent in this place.
 D = Time resting spent in this place.
 E = Time spent auto-exploring this place.
 F = Levels seen in this place.
 G = Mean time per level.
                   A        B        C        D        E       F      G
               +--------+--------+--------+--------+--------+-----+--------+
         Total |    333 |    333 |      0 |     17 |      0 |   3 |  111.0 |
       Dungeon |    333 |    333 |      0 |     17 |      0 |   3 |  111.0 |
               +--------+--------+--------+--------+--------+-----+--------+

Top non-repeatable levels by time:
     D:5: 175 daAuts
     D:4: 92 daAuts
     D:3: 65 daAuts
